 Dungeon Crawl Stone Soup version 0.32-a0-675-gdc239d62e1 (console) character file.

Game seed: 3659582425617409309

983 jejorda2 the Poker (level 8, -1/64 HPs)
             Began as a Coglin Berserker on Mar 11, 2024.
             Was a Believer of Trog.
             Slain by an orc
             ... wielding a +0 trident
              (5 damage)
             ... on level 6 of the Dungeon.
             The game lasted 00:10:16 (5142 turns).

jejorda2 the Poker (Coglin Berserker)               Turns: 5142, Time: 00:10:17

Health: -1/64      AC:  8    Str: 21    XL:     8   Next: 17%
Magic:  8/8        EV: 10    Int:  6    God:    Trog [**....]
Gold:   325        SH:  0    Dex: 13    Spells: 7/7 levels left

rFire   + . .        a - +0 spear {Malki}
rCold   . . .        k - +0 spear {Wanphen}
rNeg    . . .        o - +1 scale mail {rF+}
rPois   .            d - +0 helmet
rElec   .            (no cloak)
rCorr   .            (no gloves)
SInv    .            (no boots)
Will    .....        (amulet unavailable) Stlth
                     (ring unavailable)
HPRegen 0.30/turn    (ring unavailable)
MPRegen 0.11/turn    (no gizmo)

%: no passive effects
@: lethally poisoned (-1 -> -9), on berserk cooldown, revved
A: off-hand wielding, slow wielding, warmup strikes, no jewellery
a: Invent Gizmo, Renounce Religion, Berserk, Trog's Hand


You were on level 6 of the Dungeon.
You worshipped Trog.
Trog was pleased with you.
You visited 1 branch of the dungeon, and saw 6 of its levels.

You collected 325 gold pieces.

Inventory:

Hand Weapons
 a - a +0 spear (weapon) {Malki}
 k - a +0 spear (offhand) {Wanphen}
 y - a +0 trident
Missiles
 x - 3 javelins (quivered)
Armour
 d - a +0 helmet (worn)
 o - a +1 scale mail of fire resistance (worn)
Wands
 i - a wand of mindburst (8)
 q - a wand of polymorph (6)
Scrolls
 b - a scroll of teleportation {unknown}
 e - 12 scrolls of identify {unknown}
 f - a scroll of fog {unknown}
 h - 2 scrolls of noise {unknown}
 j - 2 scrolls of enchant armour {unknown}
 l - a scroll of enchant weapon {unknown}
 m - 2 scrolls of brand weapon {unknown}
 p - 2 scrolls of immolation {unknown}
 u - a scroll of poison {unknown}
 v - a scroll of revelation {unknown}
 w - a scroll of vulnerability {unknown}
Potions
 c - a potion of brilliance {unknown}
 g - a potion of resistance {unknown}
 n - a potion of degeneration {unknown}
 r - a potion of berserk rage {unknown}
 s - 2 potions of enlightenment {unknown}
 t - a potion of curing {unknown}
 z - a potion of haste {unknown}


   Skills:
 + Level 5.8 Fighting
 * Level 7.1 Polearms
 - Level 1.7 Armour
 - Level 1.7 Dodging
 + Level 3.2 Evocations


You had 7 spell levels left.
You didn't know any spells.
Your spell library was empty.

Dungeon Overview and Level Annotations

Branches:
Dungeon (6/15)
 Temple: D:4-7

Altars:
Makhleb
Sif Muna
Trog
Xom
Yredelemnul
The Shining One

Annotations:
D:4 2 transporters, chugun's ghost, amateur GrIE


Innate Abilities, Weirdness & Mutations

You can wield a second weapon in your off-hand.
It takes a long time for you to wield or remove held weapons.
Your first few attacks do less damage.
You cannot equip rings or amulets.


Message History

You hit the phantom with your +0 spear.
You destroy the phantom!
Trog accepts your kill.
The water moccasin bites you but does no damage. x2
You miss the water moccasin with your +0 spear.
You closely miss the water moccasin with your +0 spear.
You feel yourself speed up. The water moccasin bites you.
The water moccasin misses you. Something hits you.
You hit the water moccasin but do no damage.
You hit the water moccasin with your +0 spear.
The water moccasin bites you. The orc hits you but does no damage.
You closely miss the water moccasin with your +0 spear.
The water moccasin is lightly wounded.
You hit the water moccasin with your +0 spear.
You hear some strange, mumbled words.
A magic dart appears from out of thin air!
The magic dart hits you.
* * * LOW HITPOINT WARNING * * *
The water moccasin closely misses you.
The orc hits you from afar with a +0 trident.
* * * LOW HITPOINT WARNING * * *
You closely miss the water moccasin with your +0 spear.
The water moccasin is moderately wounded.
You hit the water moccasin but do no damage.
Your skin stops crawling.
You feel less strong-willed. The water moccasin bites you.
* * * LOW HITPOINT WARNING * * *
Something hits you but does no damage. The water moccasin bites you.
* * * LOW HITPOINT WARNING * * *
You are lethally poisoned!
The water moccasin poisons you! The orc barely misses you.
Something hits you but does no damage.
* * * LOW HITPOINT WARNING * * *
You feel very sick.
The water moccasin attacks as it pursues you!
The water moccasin bites you but does no damage.
The orc hits you from afar with a +0 trident.
You die...

# #.#.# #.#.# #.# # #.#.#
#.#.# #.# #.#.####.#.# #.#
#...).##.#.# #§#
#.#####.#....o..###.##
#........#.##........#
##########...{.o....#####§§#
###..#.....##.##S#.##.# #..#
....##......## #@#.##.##
#..#
....##.......###........
...#
.##.##.........#.......#
#####
.#:_.'._≈......'...###.#
.##.##...#.....###.# .#
....###......### ...# .#
....##......## ..#
###..#.....## ..# #####.####
.#


You could see a water moccasin and an orc.

Vanquished Creatures
  A steam dragon (D:6)
  A water moccasin (D:5)
  2 phantoms
  An ogre (D:5)
  A scorpion (D:6)
  A jelly (D:5)
  2 gnoll boudas
  2 hounds
  An orc priest (D:6)
  Ijyb (D:3)
  2 iguanas
  A sleepcap (D:4)
  9 gnolls
  An adder (D:2)
  A dart slug (D:1)
  2 ribbon worms (D:2)
  12 orcs
  5 bats
  6 endoplasms
  5 giant cockroaches
  11 goblins
  8 hobgoblins
  7 jackals
  4 quokkas
  10 ball pythons
  3 frilled lizards
  8 kobolds
  3 rats
111 creatures vanquished.

Notes
Turn   | Place    | Note
-------+----------+-------------------------------------------
     0 | D:1      | jejorda2 the Coglin Berserker began the quest for the Orb.
     0 | D:1      | Reached XP level 1. HP: 18/18 MP: 1/1
    48 | D:1      | Reached skill level 3 in Polearms
   153 | D:1      | Reached XP level 2. HP: 24/24 MP: 2/2
   160 | D:1      | Found a faded altar of an unknown god.
   655 | D:1      | Reached XP level 3. HP: 24/29 MP: 3/3
  1000 | D:2      | Found a shimmering altar of Xom.
  1102 | D:2      | Reached ** piety under Trog
  1316 | D:2      | Reached XP level 4. HP: 36/37 MP: 4/4
  1319 | D:2      | Reached skill level 4 in Polearms
  2237 | D:3      | Reached *** piety under Trog
  2283 | D:3      | Noticed Ijyb
  2287 | D:3      | Reached XP level 5. HP: 42/42 MP: 5/5
  2307 | D:3      | Killed Ijyb
  2733 | D:4      | Identified the +2 trident of Atoecw {venom, *Rage ^Drain
                  | Dex+10}
  2773 | D:4      | Noticed chugun's ghost (amateur GrIE)
  2847 | D:4      | Found a transporter.
  2849 | D:4      | Found a transporter.
  3089 | D:4      | Found a basalt altar of Yredelemnul.
  3421 | D:5      | Entered Level 5 of the Dungeon
  3442 | D:5      | Noticed an ogre
  3448 | D:5      | Killed an ogre
  3449 | D:5      | Reached skill level 5 in Polearms
  3449 | D:5      | Reached XP level 6. HP: 49/49 MP: 6/6
  3526 | D:5      | Noticed a water moccasin
  3533 | D:5      | Killed a water moccasin
  3818 | D:5      | Found a glowing golden altar of the Shining One.
  4172 | D:5      | Reached skill level 5 in Fighting
  4172 | D:5      | Reached XP level 7. HP: 41/56 MP: 7/7
  4246 | D:5      | Reached skill level 6 in Polearms
  4355 | D:5      | Found a burning altar of Makhleb.
  4443 | D:5      | Reached skill level 1 in Evocations
  5051 | D:6      | Found a shimmering blue altar of Sif Muna.
  5055 | D:6      | Found a bloodstained altar of Trog.
  5079 | D:6      | Noticed a steam dragon
  5088 | D:6      | Killed a steam dragon
  5089 | D:6      | Reached skill level 7 in Polearms
  5089 | D:6      | Reached XP level 8. HP: 64/64 MP: 8/8
  5142 | D:6      | Slain by an orc

Illustrated notes

Levels and vault maps discovered:
D:1:      lemuel_arrival_rhombus, layout_basic, basic_ecumenical_altar
D:2:      layout_basic, basic_altar, minmay_circled_x
D:3:      kennysheep_goblin_castle, layout_basic
D:4:      layout_basic, yredelemnul_altar_generic,
          gammafunk_ghost_gnarly_gnolls, serial_library_hellmonk_open_square,
          nicolae_concentric_dashed_squares_wild
D:5:      layout_loops_ring, mainiacjoe_overflow_alcove_1,
          makhleb_blood_cavern_becter, minmay_misc_feat_encased,
          chequers_serial_rivers_large_a
D:6:      layout_loops_ring, hellmonk_overflow_destroyed_library, minivault_23,
          serial_bayou_pond_e

Skill      XL: |  1  2  3  4  5  6  7  8 |
---------------+-------------------------+-----
Polearms       | 3 4 5 7 |  7.1
Fighting       | 4 5 |  5.8
Evocations     | 2 3 |  3.2
Armour         | |  1.7
Dodging        | |  1.7

Action                     |  1- 3 |  4- 6 |  7- 9 || total
---------------------------+-------+-------+-------++-------
  Melee: Spear             |   107 |   327 |   164 ||   598
         Dagger            |    79 |     4 |       ||    83
  Throw: Javelin           |       |     3 |       ||     3
 Invoke: Berserk           |     1 |     3 |     2 ||     6
         Trog's Hand       |       |     1 |     1 ||     2
   Stab: Sleeping          |     1 |       |       ||     1
 Armour: Animal skin       |    11 |       |       ||    11
         Leather armour    |    12 |       |       ||    12
         Ring mail         |    25 |       |       ||    25
         Scale mail        |     2 |    88 |    78 ||   168
         Chain mail        |       |     5 |       ||     5
  Dodge: Dodged            |    37 |    76 |    33 ||   146

Table legend: (Time is in decaauts)
 A = Elapsed time spent in this place.
 B = Non-inter-level travel time spent in this place.
 C = Inter-level travel time spent in this place.
 D = Time resting spent in this place.
 E = Time spent auto-exploring this place.
 F = Levels seen in this place.
 G = Mean time per level.
                   A        B        C        D        E       F      G
               +--------+--------+--------+--------+--------+-----+--------+
         Total |   5172 |   4911 |    261 |    225 |   3772 |   6 |  862.0 |
       Dungeon |   5172 |   4911 |    261 |    225 |   3772 |   6 |  862.0 |
               +--------+--------+--------+--------+--------+-----+--------+

Top non-repeatable levels by time:
     D:5: 1154 daAuts
     D:1: 992 daAuts
     D:2: 919 daAuts
     D:4: 896 daAuts
     D:3: 812 daAuts
     D:6: 397 daAuts
